cohdb
Replays
Latest Replays
All Replays
Popular Replays
Top Player Replays
Match Explorer
How It Works
Community
CoH3 Stats
Reddit
Sign in to upload your games and track your stats! →
Sign in with Steam
Match 40702597
Unlisted
Match 40702597
Overview
Messages
Build Orders
End
Construct Infanterie Kompanie
Selects Terror Battlegroup
Selects Machine Gun Camouflage
Grenadier Squad
MG 42 Machine Gun Team
Grenadier Squad
MG 42 Machine Gun Team
Pioneer Squad
Infanterie Officer Quarters
Medical Bunker
Selects Interrogate
Grenadier Squad
MG 42 Machine Gun Team
Construct Panzergrenadier Kompanie
251 Medium Carrier
Panzergrenadier Squad
Selects Propaganda Leaflet Drop
Pak 40 Anti-tank Gun Team
Panzergrenadier Squad
Panzergrenadier Officer Quarters
Propaganda Leaflet Drop
Pak 40 Anti-tank Gun Team
Selects No Quarter
Support Elements
Nebelwerfer 42 Rocket Launcher Team
Propaganda Leaflet Drop
Construct Panzer Kompanie
Selects King Tiger Heavy Tank
Contrastus►
KoR
Eso Rimmer
Sarmynation
0
0
Comments
sign in to comment!
No comments posted yet!